 Dungeon Crawl Stone Soup version 0.30-a0-622-gddc90eaa04 (webtiles) character file.

Game seed: 16326779841275553846

1 Leeroy the Conjurer (level 1, -1/11 (12) HPs)
             Began as a Tengu Reaver on Jan 10, 2023.
             Slain by a goblin
             ... wielding a +0 dagger of draining
              (3 damage)
             ... on level 1 of the Dungeon.
             The game lasted 00:00:15 (18 turns).

Leeroy the Conjurer (Tengu Reaver)                    Turns: 18, Time: 00:00:15

HP:   -1/11 (12)    AC:  3    Str: 12    XL:     1   Next: 20%
MP:   4/4           EV: 11    Int: 13    God:
Gold: 0             SH:  0    Dex: 12    Spells: 3/4 levels left

rFire   . . .      SeeInvis .    a - +0 falchion
rCold   . . .      Faith    .    (no shield)
rNeg    . . .      Spirit   .    b - +0 leather armour
rPois   .          Reflect  .    (helmet restricted)
rElec   .          Harm     .    (no cloak)
rCorr   .          Rampage  .    (no gloves)
Will    .....                    (boots unavailable)
Stlth   +                        (no amulet)
HPRegen 0.21/turn                (no ring)
MPRegen 0.09/turn                (no ring)

@: drained
A: beak, talons 3
a: no special abilities


You were on level 1 of the Dungeon.
You visited 1 branch of the dungeon, and saw 1 of its levels.

Inventory:

Hand Weapons
 a - a +0 falchion (weapon)
Armour
 b - a +0 leather armour (worn)


   Skills:
 - Level 2.0 Fighting
 * Level 3.4 Long Blades
 - Level 2.1 Dodging
 - Level 2.0 Spellcasting
 - Level 4.0 Conjurations


You had 3 spell levels left.
You knew the following spells:

 Your Spells              Type           Power      Damage    Failure   Level
a - Kiss of Death         Conj/Necr      24%        2d7       14%         1

Your spell library contained the following spells:

 Spells                   Type           Power      Damage    Failure   Level
 Momentum Strike          Conj/Tloc      12%        3d8       22%         2
 Hailstorm                Conj/Ice       6%         3d4       38%         3


Dungeon Overview and Level Annotations

Branches:
Dungeon (1/15)

Altars:


Innate Abilities, Weirdness & Mutations

You have a beak for a mouth.
You have claws for feet.


Message History

Welcome, Leeroy the Tengu Reaver.
Are you destined to find the legendary Orb of Zot, or to die trying?
Press ? for a list of commands and other information.
Found a staircase leading out of the dungeon.
You open the door.
There is an open door here.
You open the door.
A goblin comes into view. It is wielding a +0 club.
The goblin shouts!
There is an open door here.
A goblin comes into view. It is wielding a +0 dagger of draining.
An endoplasm comes into view.
The goblin hits you with a +0 club.
You completely miss the goblin. Your kick misses the goblin.
The goblin hits you with a +0 club.
You barely miss the endoplasm. You peck the endoplasm.
You kill the endoplasm!
The goblin hits you but does no damage.
You miss the goblin. Your kick misses the goblin. Your peck misses the goblin.
The goblin hits you with a +0 club.
You are too injured to fight recklessly!
You are too injured to fight recklessly!
You are too injured to fight recklessly!
You are too injured to fight recklessly!
The goblin closely misses you. The goblin hits you but does no damage.
You feel drained.
You barely miss the goblin. Your kick misses the goblin.
The goblin hits you with a +0 club.
* * * LOW HITPOINT WARNING * * *
The goblin closely misses you.
You barely miss the goblin. Your peck misses the goblin.
The goblin barely misses you. The goblin misses you.
You closely miss the goblin. You claw the goblin. Your peck misses the goblin.
The goblin is severely wounded.
The goblin hits you but does no damage.
The goblin hits you with a +0 dagger of draining.
You die...

#..# #..# #..#
#..# . #..# ..
#..# ... ##'#
....
##..#######.....
#<...#..@g......
#....'...g......
##..#######....♣
#### ...♣ ..♣ .♣
#


You could see 2 goblins.

Vanquished Creatures
  An endoplasm (D:1)
1 creature vanquished.

Notes
Turn   | Place    | Note
-------+----------+-------------------------------------------
     0 | D:1      | Leeroy the Tengu Reaver began the quest for the Orb.
     0 | D:1      | Reached XP level 1. HP: 12/12 MP: 4/4
    18 | D:1      | Slain by a goblin

Illustrated notes

Levels and vault maps discovered:
D:1:      sevenhm_arrival_forest_fort_large_4, layout_loops_corners

Action                   || total
-------------------------++-------
Melee: Falchion          ||     6
       Kick              ||     1
       Peck              ||     1
Armor: Leather armour    ||     3
Dodge: Dodged            ||     4

Table legend: (Time is in decaauts)
 A = Elapsed time spent in this place.
 B = Non-inter-level travel time spent in this place.
 C = Inter-level travel time spent in this place.
 D = Time resting spent in this place.
 E = Time spent auto-exploring this place.
 F = Levels seen in this place.
 G = Mean time per level.
                   A        B        C        D        E       F      G
               +--------+--------+--------+--------+--------+-----+--------+
         Total |     18 |     18 |      0 |      0 |      8 |   1 |   18.0 |
       Dungeon |     18 |     18 |      0 |      0 |      8 |   1 |   18.0 |
               +--------+--------+--------+--------+--------+-----+--------+

Top non-repeatable levels by time:
     D:1: 18 daAuts
